 Dungeon Crawl Stone Soup version 0.29.0-10-g45618ea6d2 (webtiles) character file.

Game seed: 14700888348277061508

326 sleeves the Poker (level 6, -1/62 HPs)
             Began as an Ogre Fighter on Sept 2, 2022.
             Slain by a phantom (3 damage)
             ... on level 3 of the Dungeon.
             The game lasted 00:07:37 (4075 turns).

sleeves the Poker (Ogre Fighter)                    Turns: 4075, Time: 00:07:37

Health: -1/62      AC:  3    Str: 21    XL:     6   Next: 49%
Magic:  6/6        EV:  8    Int: 11    God:
Gold:   147        SH:  7    Dex:  8    Spells: 5/5 levels left

rFire   . . .      SeeInvis .   a - +0 trident
rCold   . . .      Faith    .   c - +0 kite shield
rNeg    . . .      Spirit   .   b - +0 robe
rPois   .          Reflect  .   (helmet restricted)
rElec   .          Harm     .   (no cloak)
rCorr   .          Rampage  .   (gloves unavailable)
Will    .....                   (boots unavailable)
Stlth   +.........              x - amulet of the acrobat
HPRegen 0.20/turn               (no ring)
MPRegen 0.10/turn               (no ring)

@: hasted, very quick
A: large, unfitting armour, tough skin 1
a: no special abilities


You were on level 3 of the Dungeon.
You visited 1 branch of the dungeon, and saw 5 of its levels.

You collected 147 gold pieces.

Inventory:

Hand Weapons
 a - a +0 trident (weapon)
Missiles
 r - 3 boomerangs (quivered)
 u - 14 poisoned darts
Armour
 b - a +0 robe (worn)
 c - a +0 kite shield (worn)
Magical Staves
 g - a staff of conjuration
   (You found it on level 1 of the Dungeon)
Jewellery
 q - a ring of ice
   (You found it on level 3 of the Dungeon)
 s - an amulet of guardian spirit
   (You took it off an orc on level 3 of the Dungeon)
 x - an amulet of the acrobat (around neck)
   (You found it on level 4 of the Dungeon)
Wands
 t - a wand of flame (24)
   (You found it on level 3 of the Dungeon)
Scrolls
 f - 5 scrolls of identify {unknown}
 j - a scroll of blinking {unknown}
 k - a scroll of immolation {unknown}
 m - a scroll of butterflies {unknown}
 n - a scroll of teleportation {unknown}
 o - a scroll of silence {unknown}
 v - a scroll of vulnerability {unknown}
 w - a scroll of enchant weapon {unknown}
 y - a scroll of enchant armour {unknown}
Potions
 d - 4 potions of might
 e - 2 potions of curing {unknown}
 h - a potion of resistance {unknown}
 i - 2 potions of berserk rage {unknown}
 p - 2 potions of mutation {unknown}


   Skills:
 - Level 4.0 Fighting
 + Level 6.7 Polearms
 - Level 2.6 Dodging
 - Level 3.0 Shields


You had 5 spell levels left.
You didn't know any spells.
Your spell library contained the following spells:

 Spells                   Type           Power      Damage    Failure   Level
 Magic Dart               Conj           0%         1d3       63%         1
 Slow                     Hex            0%         N/A       63%         1
 Searing Ray              Conj           0%         2d4       77%         2
 Confusing Touch          Hex            0%         N/A       94%         3
 Ozocubu's Armour         Ice            0%         N/A       94%         3
 Vampiric Draining        Necr           0%         2d6       94%         3
 Fulminant Prism          Conj/Hex       0%         3d6       100%        4
 Summon Lightning Spire   Summ/Air       0%         N/A       100%        4
 Metabolic Englaciation   Hex/Ice        0%         N/A       100%        5
 Simulacrum               Ice/Necr       0%         N/A       100%        6
 Storm Form               Tmut/Air       0%         N/A       100%        7
 Maxwell's Capacitive Co  Air            0%         ∞         100%        8


Dungeon Overview and Level Annotations

Branches:
Dungeon (5/15)
 Temple: D:4-7

Altars:
Elyvilon
Sif Muna

Shops:
D:4 (

Annotations:
D:4 2 transporters, Splishie's ghost, amateur DrAE


Innate Abilities, Weirdness & Mutations

You are too large for most types of armour.
You have tough skin. (AC +1)


Message History

No target in view!
No target in view!
No target in view!
No target in view!
A ball python comes into view.
A ball python is nearby!
A ball python is nearby!
You puncture the ball python!
You kill the ball python!
No target in view!
No target in view!
No target in view!
No target in view!
No target in view!
No target in view!
You see here a ball python corpse.
Done exploring.
Done exploring.
Done exploring.
Done exploring.
(D) Dungeon
Where to? (Enter - D:2, ? - help)
You open the door.
There is an open door here.
There is a stone staircase leading down here.
You climb downwards.
There is a stone staircase leading up here.
Found an escape hatch in the ceiling.
o - a scroll labelled ICSARGH ROTOIFY
p - 2 yellow potions You open the door.
There is an open door here.
Found a stone staircase leading down.
Found a hand axe.
There is a stone staircase leading down here.
A goblin comes into view. It is wielding a +0 club.
You reach to attack!
You puncture the goblin!
You kill the goblin!
No target in view!
No target in view!
f - 3 scrolls labelled NOCRYJYNAMN (gained 1)
A quokka comes into view.
A quokka is nearby!
A quokka is nearby!
Found 2 potions of might.
The quokka twitches its whiskers.
You closely miss the quokka.
The quokka bites you but does no damage.
You closely miss the quokka.
The quokka bites you but does no damage.
The quokka misses you.
You barely miss the quokka. The quokka bites you.
You miss the quokka.
The quokka bites you but does no damage.
The quokka bites you.
You closely miss the quokka. You block the quokka's attack.
You puncture the quokka!
You kill the quokka!
You have reached level 4!
HP restored.
You pick up a book of Winter and begin reading...
You add the spells Ozocubu's Armour, Metabolic Englaciation and Simulacrum to your library.
Okay, then.
Unknown command.
You now have 75 gold pieces (gained 9).
Found a stone staircase leading down.
A ball python comes into view.
A ball python is nearby!
A ball python is nearby!
You reach to attack!
The helpless ball python fails to defend itself.
You puncture the ball python!
You kill the ball python!
No target in view!
No target in view!
An orc comes into view. It is wielding a +0 dagger.
The orc shouts!
You hear a shout! x2
A quokka comes into view.
An orc comes into view. It is wielding a +0 flail.
There are monsters nearby!
There are monsters nearby!
You see here a ball python corpse.
You see here a ball python corpse.
You barely miss the orc. The orc hits you with a +0 dagger.
You hit the orc.
The orc is severely wounded.
An orc comes into view. It is wielding a +0 flail.
The orc barely misses you.
You hit the orc.
You kill the orc!
You hit the orc.
The orc is heavily wounded.
The orc barely misses you.
You hit the orc.
You kill the orc!
You block the orc's attack.
An orc comes into view. It is wielding a +0 hand axe.
The orc shouts!
You puncture the orc!
You kill the orc!
You hear a shout! x2
An orc comes into view. It is wielding a +0 short sword.
Items here: ))) [ †.
You closely miss the orc. The orc hits you with a +0 hand axe.
You closely miss the orc. The orc hits you with a +0 hand axe.
You hit the orc.
The orc is almost dead.
You block the orc's attack. x2
You puncture the orc!
You kill the orc!
A hobgoblin comes into view.
You closely miss the orc. The orc hits you with a +0 short sword.
You closely miss the orc. The orc hits you with a +0 short sword.
You barely miss the orc. The orc hits you with a +0 short sword.
You hit the orc.
The orc is heavily wounded.
The orc hits you with a +0 short sword. x2
You are too injured to fight recklessly!
You are too injured to fight recklessly!
You are too injured to fight recklessly!
You are too injured to fight recklessly!
You puncture the orc!
You kill the orc!
You hit the hobgoblin but do no damage. The hobgoblin hits you.
* * * LOW HITPOINT WARNING * * *
You puncture the hobgoblin!
You kill the hobgoblin!
Items here: )) ††.
Items here: ))) [ †.
You start resting.
HP restored.
Items here: )) ††.
d - 3 potions of might (gained 2)
i - 2 fuming clear potions (gained 1)
A quokka is nearby!
A quokka is nearby!
A quokka is nearby!
An orc comes into view. It is wielding a +0 mace.
The orc shouts!
You hear a shout!
The orc moves out of view.
You reach to attack!
You barely miss the quokka.
An orc comes into view. It is wielding a +0 hand axe.
You hit the quokka.
The quokka is heavily wounded.
The quokka bites you but does no damage. x2
You completely miss the quokka.
The quokka is heavily wounded.
An orc comes into view. It is wielding a +0 morningstar.
The quokka barely misses you.
You closely miss the quokka.
The quokka is heavily wounded.
The orc shouts!
The quokka barely misses you. The quokka bites you.
You closely miss the orc. The orc barely misses you.
You hit the orc.
The orc is heavily wounded.
You block the orc's attack.
You puncture the orc!
You kill the orc!
You closely miss the orc. The orc hits you with a +0 hand axe.
The orc closely misses you.
You hit the orc.
The orc is heavily wounded.
The orc closely misses you.
You closely miss the orc.
The orc is heavily wounded.
The orc hits you with a +0 hand axe.
You barely miss the orc.
The orc is heavily wounded.
The orc barely misses you.
You puncture the orc!
You kill the orc!
You puncture the orc!
You kill the orc!
The quokka bites you but does no damage.
You puncture the quokka!
You kill the quokka!
No target in view!
No target in view!
No target in view!
No target in view!
No target in view!
No target in view!
No target in view!
No target in view!
No target in view!
No target in view!
No target in view!
No target in view!
No target in view!
No target in view!
No target in view!
Items here: ))) [ ††.
Okay, then.
An orc comes into view. It is wielding a +0 dagger.
An orc is nearby!
An orc is nearby!
An orc is nearby!
The orc drinks a potion.
The orc seems to speed up.
You reach to attack!
You hit the orc.
The orc is moderately wounded.
You block the orc's attack.
You hit the orc.
The orc is heavily wounded.
The orc closely misses you. The orc hits you but does no damage.
You barely miss the orc.
The orc is heavily wounded.
The orc hits you with a +0 dagger. x2
You closely miss the orc.
The orc is heavily wounded.
The orc hits you with a +0 dagger. x2
You puncture the orc!
You kill the orc!
No target in view!
No target in view!
A howler monkey comes into view.
A howler monkey is nearby!
A howler monkey is nearby!
A howler monkey is nearby!
Found a white marble altar of Elyvilon.
The howler monkey hoots and howls with incredible vigour!
You hear a shout!
Things that are here:
a +0 dagger; a +0 leather armour You reach to attack!
You closely miss the howler monkey. You barely miss the howler monkey.
The howler monkey hits you.
You puncture the howler monkey!
The howler monkey is severely wounded.
The howler monkey hoots and howls with incredible vigour!
The howler monkey hits you but does no damage.
A rat comes into view.
A kobold comes into view. It is wielding a +0 whip.
You hear a shout!
You hit the howler monkey.
The howler monkey is almost dead.
The howler monkey closely misses you.
You puncture the howler monkey!
You kill the howler monkey!
Your Polearms skill increases to level 5!
You closely miss the rat. The rat bites you but does no damage.
You hit the rat.
You kill the rat!
You see here a howler monkey corpse.
You puncture the kobold!
You kill the kobold!
You have reached level 5!
Things that are here:
a +0 whip; a kobold corpse
There is an open door here.
You now have 92 gold pieces (gained 17).
There is an open door here.
Found an escape hatch in the floor.
There is an open door here.
There is an open door here.
There is an escape hatch in the floor here.
Found a stone staircase leading up.
There is a stone staircase leading up here.
An orc comes into view. It is wielding a +0 whip.
You puncture the orc!
You kill the orc!
No target in view!
No target in view!
No target in view!
No target in view!
No target in view!
No target in view!
Things that are here:
a +0 whip; an orc corpse
d - 4 potions of might (gained 1)
f - 4 scrolls labelled NOCRYJYNAMN (gained 1)
Found 3 stones.
You see here 3 stones.
You now have 100 gold pieces (gained 8).
You now have 117 gold pieces (gained 17).
Key pressed, stopping explore.
Found a whip.
Found a stone staircase leading up.
A bat comes into view.
A bat is nearby!
A bat is nearby!
A bat is nearby!
You block the bat's attack.
You puncture the bat!
You kill the bat!
No target in view!
No target in view!
Found a stone staircase leading down.
There is a stone staircase leading down here.
A rat comes into view.
A rat is nearby!
A kobold comes into view. It is wielding a +0 whip.
The kobold shouts!
You reach to attack!
You barely miss the kobold. You hit the kobold.
The kobold is heavily wounded.
You block the kobold's attack.
You barely miss the kobold.
The kobold is heavily wounded.
You block the kobold's attack. The rat barely misses you.
You closely miss the kobold.
The kobold is heavily wounded.
The kobold hits you with a +0 whip. The rat bites you but does no damage.
You puncture the kobold!
You kill the kobold!
The rat bites you.
You hit the rat.
You kill the rat!
No target in view!
No target in view!
No target in view!
No target in view!
No target in view!
No target in view!
No target in view!
f - 5 scrolls labelled NOCRYJYNAMN (gained 1)
Things that are here:
a +0 whip; a kobold corpse
There is an open door here.
There is an open door here.
You see here a rat corpse.
There is an open door here.
q - a ring of ice An orc comes into view.
It is wielding a +0 dagger.
An orc is nearby!
An orc is nearby!
An orc comes into view. It is wielding a +0 dagger.
The orc shouts! x2
The orc throws a boomerang.
The boomerang hits you.
An orc comes into view. It is wielding a +0 short sword.
You hit the orc but do no damage. The orc hits you with a +0 dagger.
You barely miss the orc. The orc barely misses you.
You hit the orc but do no damage. The orc hits you but does no damage.
You barely miss the orc. The orc barely misses you.
You hit the orc.
The orc is moderately wounded.
The orc hits you with a +0 dagger. You block the orc's attack.
You puncture the orc!
You kill the orc!
The orc throws a boomerang.
The boomerang hits you.
You hit the orc.
The orc is severely wounded.
You block the orc's attack.
You hit the orc.
The orc is almost dead.
The orc hits you with a +0 short sword.
You hit the orc.
You kill the orc!
You barely miss the orc. The orc hits you with a +0 dagger. x2
You puncture the orc!
You kill the orc!
No target in view!
No target in view!
No target in view!
No target in view!
No target in view!
No target in view!
No target in view!
No target in view!
No target in view!
No target in view!
r - 3 boomerangs;
s - an amulet of guardian spirit
Items here: ))) [ ††.
There is an open door here.
A kobold comes into view. It is wielding a +0 short sword.
A kobold is nearby!
A kobold is nearby!
The kobold shouts!
You puncture the kobold!
You kill the kobold!
No target in view!
No target in view!
No target in view!
No target in view!
No target in view!
No target in view!
No target in view!
No target in view!
No target in view!
No target in view!
Unknown command.
Unknown command.
Things that are here:
a +0 short sword; a kobold corpse
There is an escape hatch in the ceiling here.
t - a wand of flame (24) Done exploring.
Done exploring.
Done exploring.
Done exploring.
Done exploring.
(D) Dungeon
Where to? (Enter - D:3, ? - help)
There is a stone staircase leading down here.
You climb downwards.
Found Ussoetyepp's Weapon Emporium.
There is a stone staircase leading up here.
A dart slug comes into view.
A dart slug is nearby!
A dart slug is nearby!
The dart slug launches a dart at you. You block the slug dart.
You reach to attack!
You hit the dart slug.
The dart slug is moderately wounded.
You puncture the dart slug!
You kill the dart slug!
No target in view!
No target in view!
There is an entrance to Ussoetyepp's Weapon Emporium here.
You see here a dart slug corpse.
Found a stone staircase leading down.
There is a stone staircase leading down here.
u - 6 poisoned darts
There is a stone staircase leading down here.
You see here a dart slug corpse.
A hobgoblin comes into view.
The hobgoblin shouts!
A hobgoblin is nearby!
An endoplasm comes into view.
You puncture the hobgoblin!
You kill the hobgoblin!
You reach to attack!
You puncture the endoplasm!
You kill the endoplasm!
No target in view!
You see here a hobgoblin corpse.
An iguana comes into view.
The iguana hisses angrily.
An iguana is nearby!
An iguana is nearby!
Throw: 3 boomerangs
Press: ? - help, Q - select action, (/) - cycle Shift-Dir - straight line, f - iguana
Aim: an iguana (60% to hit)
You throw a boomerang.
The boomerang hits the iguana but does no damage.
Throw: 3 boomerangs
Press: ? - help, Q - select action, (/) - cycle Shift-Dir - straight line, f/p - iguana
Aim: an iguana (60% to hit)
You throw a boomerang. The boomerang barely misses the iguana.
Throw: 3 boomerangs
Press: ? - help, Q - select action, (/) - cycle Shift-Dir - straight line, f/p - iguana
Aim: an iguana (60% to hit)
You throw a boomerang. The boomerang hits the iguana.
The iguana is moderately wounded.
Reach: a) +0 trident
Press: ? - help, Dir - move target, f/p - iguana
Aim: an iguana (moderately wounded, about 39% to evade your +0 trident)
You hit the iguana.
The iguana is severely wounded.
The iguana bites you. x2
Reach: a) +0 trident
Press: ? - help, Dir - move target, f/p - iguana
Aim: an iguana (severely wounded, about 39% to evade your +0 trident)
You barely miss the iguana.
The iguana is severely wounded.
The iguana closely misses you.
Reach: a) +0 trident
Press: ? - help, Dir - move target, f/p - iguana
Aim: an iguana (severely wounded, about 39% to evade your +0 trident)
You puncture the iguana!
You kill the iguana!
You start resting.
HP restored.
You see here an iguana corpse.
Found a spear and 8 stones.
You now have 125 gold pieces (gained 8).
Found a scale mail.
Found a stone staircase leading up.
v - a scroll labelled DOCKIU NASEBLU A quokka comes into view.
A dart slug comes into view.
You barely miss the quokka. The quokka bites you.
You barely miss the quokka.
The quokka bites you but does no damage.
The dart slug launches a dart at you. You block the slug dart.
The quokka bites you.
You puncture the quokka!
You kill the quokka!
An orc comes into view. It is wielding a +0 mace.
The orc shouts!
You hear a shout!
An orc comes into view. It is wielding a +0 hand axe.
An orc comes into view. It is wielding a +0 club.
You reach to attack!
The orc shouts!
You puncture the dart slug!
The dart slug is almost dead.
You hear a shout!
An orc priest comes into view. It is wielding a +0 whip.
You hit the dart slug.
You kill the dart slug!
You reach to attack!
You hit the orc.
The orc is lightly wounded.
The orc hits you with a +0 hand axe. The orc closely misses you.
There is a stone staircase leading up here.
The orc hits you with a +0 hand axe.
You climb upwards.
There is a stone staircase leading down here.
You closely miss the orc.
The orc is lightly wounded.
The orc barely misses you. The orc hits you with a +0 mace.
You closely miss the orc.
The orc is lightly wounded.
The orc hits you with a +0 hand axe. The orc hits you with a +0 mace.
You hit the orc.
The orc is moderately wounded.
You block the orc's attack. x2
You hit the orc.
The orc is heavily wounded.
The orc hits you with a +0 hand axe. You block the orc's attack.
You puncture the orc!
You kill the orc!
The orc hits you with a +0 mace. You block the orc's attack.
You puncture the orc!
You kill the orc!
Things that are here:
a +0 mace; an orc corpse You start resting.
Things that are here:
a +0 hand axe; an orc corpse
Things that are here:
a +0 mace; an orc corpse
Things that are here:
a +0 leather armour; a +0 dagger HP restored.
There is a white marble altar of Elyvilon here.
There is an open door here.
There is a stone staircase leading down here.
You climb downwards.
There is a stone staircase leading up here.
Found a stone staircase leading down.
An orc priest is nearby!
An orc priest is nearby!
Found a stone staircase leading down.
There are monsters nearby!
Throw: 3 boomerangs
Press: ? - help, Q - select action, (/) - cycle Shift-Dir - straight line, f - orc priest
Aim: an orc priest, wielding a +0 whip and wearing a +0 ring mail (wandering, hasn't noticed you, 60% to hit)
You throw a boomerang. The orc shouts!
The orc priest shouts!
The boomerang hits the orc priest but does no damage.
Found a transporter.
Splishie's ghost turns its malevolent gaze towards you.
You start waiting.
An orc priest is nearby!
Reach: a) +0 trident
Press: ? - help, Dir - move target, f/p - orc priest
Aim: an orc priest, wielding a +0 whip and wearing a +0 ring mail (about 39% to evade your +0 trident)
You reach to attack!
You puncture the orc priest!
The orc priest is severely wounded.
The orc priest invokes the aid of Beogh against you.
Pain shoots through your body!
Unknown command.
Reach: a) +0 trident
Press: ? - help, Dir - move target, f/p - orc priest
Aim: an orc priest, wielding a +0 whip and wearing a +0 ring mail (severely wounded, about 39% to evade your +0 trident)
Okay, then.
Unknown command.
Unknown command.
Unknown command.
Reach: a) +0 trident
Press: ? - help, Dir - move target, f/p - orc priest
Aim: an orc priest, wielding a +0 whip and wearing a +0 ring mail (severely wounded, about 39% to evade your +0 trident)
You reach to attack!
You hit the orc priest.
You kill the orc priest!
Reach: a) +0 trident
Press: ? - help, Dir - move target, f - orc
Aim: an orc, wielding a +0 club (about 43% to evade your +0 trident)
You reach to attack!
You hit the orc.
The orc is severely wounded.
The orc hits you but does no damage.
Reach: a) +0 trident
Press: ? - help, Dir - move target, f/p - orc
Aim: an orc, wielding a +0 club (severely wounded, about 43% to evade your +0 trident)
You hit the orc.
You kill the orc!
HP restored.
Splishie's ghost says very slowly, "There's no hope."
Found a transporter.
Splishie's ghost whispers, "It is all a dream - a grotesque and foolish dream."
There is an entrance to Ussoetyepp's Weapon Emporium here.
There is a stone staircase leading up here.
A giant cockroach comes into view.
A giant cockroach is nearby!
A giant cockroach is nearby!
You puncture the giant cockroach!
You kill the giant cockroach!
No target in view!
No target in view!
w - a scroll labelled ARHIM LYADDO You now have 138 gold pieces (gained 13).
An ufetubus comes into view.
Found a triangular ruby amulet.
An ufetubus is nearby!
A hobgoblin comes into view.
The hobgoblin shouts!
You puncture the ufetubus!
You kill the ufetubus!
The hobgoblin completely misses you.
You puncture the hobgoblin!
You kill the hobgoblin!
No target in view!
No target in view!
x - an amulet of the acrobat You start putting on your amulet.
You continue putting on your amulet of the acrobat. x5
You finish putting on your amulet of the acrobat.
You feel ready to tumble and roll out of harm's way.
x - an amulet of the acrobat (around neck)
You see here a hobgoblin corpse.
Found 4 stones.
A kobold comes into view. It is wielding a +0 club.
The kobold throws a stone.
The stone completely misses you.
A kobold is nearby!
The kobold throws a stone.
The stone misses you.
You reach to attack!
You hit the kobold but do no damage.
The kobold throws a stone.
The stone barely misses you.
You reach to attack!
You closely miss the kobold.
The kobold throws a stone.
You block the stone.
You reach to attack!
You hit the kobold.
You kill the kobold!
No target in view!
No target in view!
An adder comes into view.
The adder hisses angrily.
An adder is nearby!
An adder is nearby!
An adder is nearby!
Found a runed dagger.
You closely miss the adder. The adder bites you. The adder barely misses you.
You miss the adder. The adder bites you.
You are poisoned.
The adder poisons you!
You puncture the adder!
You kill the adder!
You feel sick.
Your Polearms skill increases to level 6!
No target in view!
No target in view!
You start resting.
You feel sick. x3
You are no longer poisoned.
You see here a +1 dagger of holy wrath.
HP restored.
An orc and an orc priest come into view.
The orc is wielding a +0 vampiric whip.
The orc shouts!
The orc priest shouts!
An orc comes into view. It is wielding a +0 whip.
There are monsters nearby!
There are monsters nearby!
There are monsters nearby!
You start waiting.
An orc priest is nearby!
You barely miss the orc priest. You puncture the orc!
You kill the orc!
The orc priest calls down the wrath of Beogh upon you.
Pain shoots through your body!
You hit the orc priest.
The orc priest is lightly wounded.
The orc priest hits you but does no damage.
An orc comes into view. It is wielding a +0 hand axe.
The orc shouts!
You puncture the orc priest!
You kill the orc priest!
You have reached level 6!
You feel stronger.
You barely miss the orc. The orc hits you with a +0 hand axe.
You barely miss the orc. The orc hits you with a +0 hand axe!
The orc hits you with a +0 hand axe.
The orc shouts!
You hit the orc but do no damage. The orc barely misses you.
You hit the orc.
The orc is lightly wounded.
The orc closely misses you.
You hit the orc.
The orc is moderately wounded.
The orc closely misses you.
You closely miss the orc.
The orc is moderately wounded.
The orc hits you with a +0 hand axe.
You puncture the orc!
You kill the orc!
Reach: a) +0 trident
Press: ? - help, Dir - move target, f - orc
Aim: an orc, wielding a +0 whip and wearing a +0 chain mail (about 33% to evade your +0 trident)
You hit the orc.
The orc is lightly wounded.
You block the orc's attack. The orc barely misses you.
You hit the orc but do no damage.
The orc is lightly wounded.
The orc hits you with a +0 whip.
* * * LOW HITPOINT WARNING * * *
You closely miss the orc.
The orc is lightly wounded.
The orc completely misses you.
You hit the orc.
The orc is heavily wounded.
The orc hits you with a +0 whip.
* * * LOW HITPOINT WARNING * * *
You barely miss the orc.
The orc is heavily wounded.
You block the orc's attack.
You hit the orc.
The orc is heavily wounded.
You block the orc's attack.
You barely miss the orc.
The orc is heavily wounded.
The orc hits you with a +0 whip.
* * * LOW HITPOINT WARNING * * *
You closely miss the orc.
The orc is heavily wounded.
The orc hits you with a +0 whip.
* * * LOW HITPOINT WARNING * * *
You completely miss the orc.
The orc is heavily wounded.
The orc hits you with a +0 whip.
* * * LOW HITPOINT WARNING * * *
You block the orc's attack.
You hit the orc but do no damage.
The orc is heavily wounded.
The orc barely misses you.
You hit the orc.
The orc is severely wounded.
The orc hits you with a +0 whip.
* * * LOW HITPOINT WARNING * * *
You completely miss the orc.
The orc is severely wounded.
Splishie's ghost turns its malevolent gaze towards you.
You block the orc's attack.
You hit the orc.
You kill the orc!
Items here: )) [[.
There is a stone staircase leading up here.
You start resting.
A phantom comes into view.
You climb upwards.
There is a stone staircase leading down here.
You start resting.
HP restored.
You climb downwards.
Level annotation: 2 transporters, Splishie's ghost, amateur DrAE The phantom hits you!
The phantom blinks!
You blink.
The phantom hits you.
The phantom blinks!
You blink.
A phantom is nearby!
You puncture the phantom!
The phantom is heavily damaged.
The phantom hits you.
The phantom blinks!
You blink.
You closely miss the phantom.
The phantom is heavily damaged.
The phantom barely misses you.
You hit the phantom but do no damage.
The phantom is moderately damaged.
The phantom barely misses you.
You barely miss the phantom.
The phantom is moderately damaged.
You block the phantom's attack.
You puncture the phantom!
The phantom is almost destroyed.
The phantom barely misses you.
You hit the phantom but do no damage.
The phantom is almost destroyed.
The phantom hits you.
You barely miss the phantom.
The phantom is almost destroyed.
The phantom hits you. x2
You closely miss the phantom.
The phantom is almost destroyed.
The phantom hits you.
The phantom blinks!
You blink.
You are too injured to fight recklessly!
You are too injured to fight recklessly!
You are too injured to fight recklessly!
Reach: a) +0 trident
Press: ? - help, Dir - move target, f - phantom
Aim: a phantom (almost destroyed, about 52% to evade your +0 trident)
You barely miss the phantom.
The phantom is almost destroyed.
The phantom hits you.
The phantom blinks!
You blink.
Reach: a) +0 trident
Press: ? - help, Dir - move target, f/p - phantom
Aim: a phantom (almost destroyed, about 52% to evade your +0 trident)
You hit the phantom.
The phantom is almost destroyed.
The phantom hits you but does no damage.
Reach: a) +0 trident
Press: ? - help, Dir - move target, f/p - phantom
Aim: a phantom (almost destroyed, about 52% to evade your +0 trident)
You barely miss the phantom.
The phantom is almost destroyed.
The phantom hits you.
The phantom blinks!
You blink.
Reach: a) +0 trident
Press: ? - help, Dir - move target, f/p - phantom
Aim: a phantom (almost destroyed, about 52% to evade your +0 trident)
You closely miss the phantom.
The phantom is almost destroyed.
The phantom hits you.
Reach: a) +0 trident
Press: ? - help, Dir - move target, f/p - phantom
Aim: a phantom (almost destroyed, about 52% to evade your +0 trident)
You hit the phantom but do no damage.
The phantom is almost destroyed.
The phantom hits you.
* * * LOW HITPOINT WARNING * * *
The phantom blinks!
You blink.
Reach: a) +0 trident
Press: ? - help, Dir - move target, f/p - phantom
Aim: a phantom (almost destroyed, about 52% to evade your +0 trident)
You barely miss the phantom.
The phantom is almost destroyed.
The phantom hits you.
* * * LOW HITPOINT WARNING * * *
The phantom blinks!
You blink.
Reach: a) +0 trident
Press: ? - help, Dir - move target, f/p - phantom
Aim: a phantom (almost destroyed, about 52% to evade your +0 trident)
You closely miss the phantom.
The phantom is almost destroyed.
The phantom hits you but does no damage.
The phantom barely misses you.
Reach: a) +0 trident
Press: ? - help, Dir - move target, f/p - phantom
Aim: a phantom (almost destroyed, about 52% to evade your +0 trident)
You hit the phantom.
You destroy the phantom!
Key pressed, stopping explore.
HP restored.
A dart slug comes into view.
A dart slug is nearby!
You reach to attack!
You hit the dart slug.
The dart slug is heavily wounded.
You reach to attack!
You hit the dart slug but do no damage.
The dart slug is heavily wounded.
You hit the dart slug but do no damage.
The dart slug is heavily wounded.
The dart slug launches a dart at you. The slug dart hits you.
You hit the dart slug but do no damage.
The dart slug is heavily wounded.
You block the dart slug's attack.
You puncture the dart slug!
You kill the dart slug!
No target in view!
You open the door.
Found a shimmering blue altar of Sif Muna.
You see here a +1 dagger of holy wrath.
You now have 147 gold pieces (gained 9).
Key pressed, stopping explore.
y - a scroll labelled IMPOAPP ZOBLE A kobold comes into view.
It is wielding a +0 dagger and quivering poisoned darts.
The kobold shouts!
A kobold is nearby!
A kobold is nearby!
You closely miss the kobold. You block the kobold's attack.
You hit the kobold.
You kill the kobold!
No target in view!
No target in view!
u - 14 poisoned darts (gained 8)
Things that are here:
a +0 dagger; a kobold corpse You open the door.
There is an open door here.
Things that are here:
a +0 dagger; a kobold corpse Partly explored, unvisited transporter.
Partly explored, unvisited transporter.
Partly explored, unvisited transporter.
Partly explored, unvisited transporter.
(D) Dungeon
Where to? (Enter - D:3 @ (x,y), ? - help)
There is a stone staircase leading down here.
You climb downwards.
The orc priest shouts!
The orc wizard shouts!
The orc priest shouts!
The orc shouts! x2
There is a stone staircase leading up here.
There are monsters nearby!
Okay, then.
Okay, then.
The phantom hits you but does no damage.
You block the orc priest's attack.
The orc priest hits you with a +0 dagger.
You climb upwards.
Level annotation: 2 transporters, Splishie's ghost, amateur DrAE
There is a stone staircase leading down here.
The orc priest attacks as you move away!
The orc priest hits you but does no damage.
The orc priest casts a cantrip, but nothing happens.
The phantom hits you!
The orc priest attacks as you move away!
The orc priest barely misses you.
The orc priest attacks as you move away!
The orc priest closely misses you. The phantom attacks as you move away!
The phantom misses you. The orc priest misses you.
The orc priest attacks as you move away!
The orc priest closely misses you.
The orc priest begins to cast a cantrip, but forgets the words!
The orc priest looks satisfied for a moment.
The orc priest calls down the wrath of Beogh upon you.
Beogh smites you! The phantom attacks as you move away!
The phantom barely misses you.
The orc priest looks satisfied for a moment.
There is a stone staircase leading up, spattered with blood here.
The phantom hits you.
The phantom blinks!
You blink.
You stop ascending the stairs.
The phantom attacks as you move away! The phantom barely misses you.
The phantom attacks as you move away! You block the phantom's attack.
The phantom attacks as you move away! The phantom barely misses you.
The orc priest looks braver for a moment.
The phantom attacks as you move away! The phantom closely misses you.
The orc priest invokes the aid of Beogh against you.
Beogh smites you!
* * * LOW HITPOINT WARNING * * *
The phantom attacks as you move away! The phantom completely misses you.
The orc priest casts a cantrip, but nothing happens.
The phantom attacks as you move away! The phantom misses you.
The phantom attacks as you move away! You block the phantom's attack.
The phantom attacks as you move away! The phantom completely misses you.
The phantom attacks as you move away! The phantom hits you.
* * * LOW HITPOINT WARNING * * *
The phantom attacks as you move away!
The phantom hits you but does no damage.
The phantom attacks as you move away! You block the phantom's attack.
The phantom attacks as you move away! You block the phantom's attack.
Things that are here:
a +0 leather armour; a +0 hand axe
Things that are here:
a +0 chain mail; a +0 hand axe
There is a stone staircase leading up, spattered with blood here.
You block the phantom's attack.
You climb upwards.
There is a stone staircase leading down here.
You are too injured to fight recklessly!
You are too injured to fight recklessly!
Reach: a) +0 trident
Press: ? - help, Dir - move target, f - phantom
Aim: a phantom (about 52% to evade your +0 trident)
You hit the phantom.
The phantom is lightly damaged.
The phantom hits you.
* * * LOW HITPOINT WARNING * * *
The phantom blinks!
You blink.
Reach: a) +0 trident
Press: ? - help, Dir - move target, f/p - phantom
Aim: a phantom (lightly damaged, about 52% to evade your +0 trident)
You hit the phantom but do no damage.
The phantom is lightly damaged.
The phantom hits you.
* * * LOW HITPOINT WARNING * * *
Reach: a) +0 trident
Press: ? - help, Dir - move target, f/p - phantom
Aim: a phantom (lightly damaged, about 52% to evade your +0 trident)
You barely miss the phantom.
The phantom is lightly damaged.
You block the phantom's attack.
Reach: a) +0 trident
Press: ? - help, Dir - move target, f/p - phantom
Aim: a phantom (lightly damaged, about 52% to evade your +0 trident)
You barely miss the phantom.
The phantom is lightly damaged.
You block the phantom's attack.
Reach: a) +0 trident
Press: ? - help, Dir - move target, f/p - phantom
Aim: a phantom (lightly damaged, about 52% to evade your +0 trident)
You hit the phantom.
The phantom is moderately damaged.
The phantom hits you.
* * * LOW HITPOINT WARNING * * *
The phantom blinks!
You blink.
Reach: a) +0 trident
Press: ? - help, Dir - move target, f/p - phantom
Aim: a phantom (moderately damaged, about 52% to evade your +0 trident)
You hit the phantom.
The phantom is moderately damaged.
The phantom hits you.
* * * LOW HITPOINT WARNING * * *
The phantom blinks!
You blink.
Reach: a) +0 trident
Press: ? - help, Dir - move target, f/p - phantom
Aim: a phantom (moderately damaged, about 52% to evade your +0 trident)
You puncture the phantom!
The phantom is severely damaged.
The phantom hits you.
* * * LOW HITPOINT WARNING * * *
Reach: a) +0 trident
Press: ? - help, Dir - move target, f/p - phantom
Aim: a phantom (severely damaged, about 52% to evade your +0 trident)
You hit the phantom but do no damage.
The phantom is severely damaged.
The phantom hits you!
* * * LOW HITPOINT WARNING * * *
Reach: a) +0 trident
Press: ? - help, Dir - move target, f/p - phantom
Aim: a phantom (heavily damaged, about 52% to evade your +0 trident)
You hit the phantom but do no damage.
The phantom is heavily damaged.
The phantom hits you!
* * * LOW HITPOINT WARNING * * *
The phantom hits you.
* * * LOW HITPOINT WARNING * * *
You feel yourself speed up. The phantom hits you.
You die...

.......#).[...)>#.......#.#.#
..._.....####[#)####..#.#.#.#
.......#.# #.#.........#.#.#
.......#.# #.#.#####.###.#.#
#.....##.# #....)).......#.#
###.####.# ###.#####.#####.#
.........# #............#.##
.....#.#.# #...W....###.#..#
.......#.# #..@#...§..#.##.#
.........# #..........#.##.#
.....##### #..........#.##.#
.....# #..........#.##.#
.....# #............##.#
##'#.# #......########.#
#.#.# #......#......#.# #.#.#
#......#.####.#.#
#.#.#########......#.####.#.#


You could see a phantom.

Vanquished Creatures
  A phantom (D:4)
  A howler monkey (D:3)
  2 orc priests (D:4)
  An iguana (D:4)
  2 adders
  An ufetubus (D:4)
  5 dart slugs
  19 orcs
  4 endoplasms
  6 giant cockroaches
  3 goblins
  7 hobgoblins
  10 kobolds
  4 quokkas
  6 ball pythons
  3 bats
  5 frilled lizards
  6 rats
86 creatures vanquished.

Notes
Turn   | Place    | Note
-------+----------+-------------------------------------------
     0 | D:1      | sleeves the Ogre Fighter began the quest for the Orb.
     0 | D:1      | Reached XP level 1. HP: 24/24 MP: 1/1
    50 | D:1      | HP: 12/24 [quokka (2)]
   272 | D:1      | Reached XP level 2. HP: 32/32 MP: 2/2
   304 | D:1      | Reached skill level 3 in Polearms
   663 | D:1      | Reached XP level 3. HP: 38/39 MP: 3/3
  1061 | D:2      | Reached skill level 4 in Polearms
  1500 | D:3      | Reached XP level 4. HP: 41/48 MP: 4/4
  1601 | D:3      | HP: 23/48 [hobgoblin (3)]
  1831 | D:3      | Found a white marble altar of Elyvilon.
  1837 | D:3      | Reached skill level 5 in Polearms
  1841 | D:3      | Reached XP level 5. HP: 46/54 MP: 5/5
  2606 | D:4      | Found Ussoetyepp's Weapon Emporium.
  3054 | D:4      | Found a transporter.
  3056 | D:4      | Noticed Splishie's ghost (amateur DrAE)
  3106 | D:4      | Found a transporter.
  3300 | D:4      | Reached skill level 6 in Polearms
  3372 | D:4      | Reached XP level 6. HP: 47/62 MP: 6/6
  3380 | D:4      | HP: 31/62 [orc/+0 whip (1)]
  3385 | D:4      | HP: 28/62 [orc/+0 whip (1)]
  3599 | D:4      | HP: 30/62 [phantom (5)]
  3832 | D:4      | Found a shimmering blue altar of Sif Muna.
  4021 | D:5      | Entered Level 5 of the Dungeon
  4045 | D:4      | HP: 30/62 [orc priest/divine providence (11)]
  4054 | D:4      | HP: 27/62 [phantom (5)]
  4066 | D:3      | HP: 27/62 [phantom (3)]
  4071 | D:3      | HP: 23/62 [phantom (1)]
  4074 | D:3      | HP: 8/62 [phantom (7)]
  4074 | D:3      | HP: 2/62 [phantom (6)]
  4075 | D:3      | Slain by a phantom

Illustrated notes

Levels and vault maps discovered:
D:1:      tarquinn_simple_flora_water_a, layout_basic
D:2:      layout_basic
D:3:      layout_basic, old_standard_altar
D:4:      layout_loops_ring, lemuel_blue_sif_altar, gammafunk_ghost_mausoleum,
          serial_shops, nicolae_square_shop, sigmund_army
D:5:      layout_basic, minmay_temple_entry_slanted, grunt_ministairs_14,
          minmay_checkerbox

Skill      XL: |  1  2  3  4  5 |
---------------+----------------+-----
Polearms       | 3 4 5 6 |  6.7
Fighting       | |  4.0
Dodging        | |  2.6
Shields        | |  3.0

Action                   |  1- 3 |  4- 6 || total
-------------------------+-------+-------++-------
Melee: Trident           |   125 |   153 ||   278
Throw: Boomerang         |       |     4 ||     4
  Use: Potion            |       |     1 ||     1
 Stab: Sleeping          |       |     1 ||     1
Armor: Robe              |    33 |    16 ||    49
Dodge: Dodged            |    48 |    43 ||    91
Block: Kite shield       |    33 |    33 ||    66
